 Dungeon Crawl Stone Soup version 0.21.1-1-g345015fe64 (webtiles) character file.

1134 Kisielow the Ducker (level 8, -7/61 HPs)
             Began as a Merfolk Transmuter on Mar 4, 2018.
             Mangled by an orc warrior
             ... wielding a +0 flail
              (9 damage)
             ... on level 6 of the Dungeon.
             The game lasted 00:16:05 (5627 turns).

Kisielow the Ducker (Merfolk Transmuter)            Turns: 5627, Time: 00:16:06

Health: -7/61      AC: -6    Str: 10    XL:     8   Next: 36%
Magic:  9/11       EV: 28    Int: 13    God:
Gold:   239        SH:  0    Dex: 19    Spells: 7/11 levels left

rFire    . . .     SeeInvis .     - Unarmed
rCold    . . .     Gourm    .   (shield currently unavailable)
rNeg     . . .     Faith    .   (armour currently unavailable)
rPois    x         Spirit   .   (helmet currently unavailable)
rElec    .         Reflect  .   (cloak currently unavailable)
rCorr    .         Harm     .   (gloves currently unavailable)
MR       .....                  (boots currently unavailable)
Stlth    ++........             i - amulet of rage
HPRegen  0.20/turn              (no ring)
MPRegen  0.12/turn              (no ring)

@: spider-form (expiring), corroded
A: tiny, (change form in water), (swift swim), (stealthy swim), dopey 1
a: End Transformation, Evoke Berserk Rage


You were on level 6 of the Dungeon.
You were not hungry.
You were a venomous arachnid creature.
You visited 1 branch of the dungeon, and saw 6 of its levels.

You collected 239 gold pieces.

Inventory:

Missiles
 a - 112 arrows
Armour
 b - a +1 robe (melded)
 l - a cursed +0 pair of gloves (melded)
 s - a +0 pair of boots (melded)
Jewellery
 i - an amulet of rage (around neck)
 k - an uncursed amulet of the gourmand
 u - an uncursed ring of ice {unknown}
Wands
 v - a wand of acid (13)
Scrolls
 e - 4 scrolls of teleportation
 f - 2 scrolls of enchant weapon
 g - 3 scrolls of remove curse
 h - 5 scrolls of identify
 m - 4 scrolls of blinking
 p - a scroll of amnesia {unknown}
 t - a scroll of magic mapping
Potions
 j - 2 potions of brilliance
 o - 2 potions of flight {unknown}
 r - a potion of curing
Books
 c - a book of Changes

   Spells                             Type                      Level
   a - Beastly Appendage              Transmutation                1
   b - Sticks to Snakes               Transmutation                2
   c - Spider Form                    Transmutation/Poison         3
   d - Ice Form                       Ice/Transmutation            4
   e - Blade Hands                    Transmutation                5
 q - a book of Misfortune

   Spells                             Type                      Level
   a - Confusing Touch                Hexes                        1
   b - Confuse                        Hexes                        3
   c - Gell's Gravitas                Translocation                3
   d - Petrify                        Transmutation/Earth          4
   e - Metabolic Englaciation         Hexes/Ice                    5
   f - Yara's Violent Unravelling     Hexes/Transmutation          5
Comestibles
 d - 11 rations
 w - 2 chunks of flesh


   Skills:
 + Level 4.4 Fighting
 * Level 7.9 Dodging
 + Level 6.4 Unarmed Combat
 - Level 2.0 Spellcasting
 - Level 6.1 Transmutations


You had 7 spell levels left.
You knew the following spells:

 Your Spells              Type           Power        Failure   Level  Hunger
a - Beastly Appendage     Tmut           ###...       8%          1    ##.....
q - Spider Form           Tmut/Pois      #.........   43%         3    ####...


Dungeon Overview and Level Annotations

Branches:
Dungeon (6/15)
 Temple: D:4-7

Altars:
Ashenzari
Cheibriados
Trog
Vehumet
Xom

Shops:
D:4 (


Innate Abilities, Weirdness & Mutations

((You revert to your normal form in water.))
((You are very nimble and swift while swimming.))
((You are very stealthy in the water. (Stealth+)))
You are dopey. (Int -2)
((Your system is resistant to poisons. (rPois)))
((You are resistant to electric shocks. (rElec)))


Message History

The orc warrior hits you with a mace.
You barely miss the orc warrior.
The orc warrior is moderately wounded.
The rust devil completely misses you. The orc warrior hits you with a flail!!
You hit the orc warrior but do no damage.
The orc warrior is moderately wounded.
The orc warrior barely misses you. The rust devil misses you.
The orc warrior hits you with a flail. The orc warrior hits you with a mace!!
* * * LOW HITPOINT WARNING * * *
The rust devil hits you.
* * * LOW HITPOINT WARNING * * *
The rust devil corrodes you!
You climb downwards.
There is a stone staircase leading up here.
It was a potion of mutation.
You feel extremely strange.
You feel insulated.
You feel stupid.
You feel resistant to poisons.
Your transformation is almost over.
The orc warrior hits you with a flail!
You die...

# #..
#...##########
#...........#
#.....<.....#
##########o4#
#os# ##.# #.##
#..# #..#
##..# #...#
##..## ##..##


You could see a rust devil and 2 orc warriors.

Vanquished Creatures
  Sigmund (D:4)
  Eustachio (D:4)
  Edmund (D:4)
  A phantom (D:4)
  An ogre (D:5)
  A centaur (D:4)
  The ghost of hofbold the Gusty, an amateur TeAE (D:3)
  A scorpion (D:4)
  A howler monkey (D:4)
  A bullfrog zombie (D:5)
  A hound (D:3)
  An orc priest (D:3)
  A centaur skeleton (D:5)
  An iguana (D:5)
  3 worker ants
  A hound skeleton (D:4)
  A gnoll (D:3)
  6 adders
  An ooze (D:3)
  An adder zombie (D:6)
  2 adder skeletons
  A worm (D:4)
  2 dart slugs
  2 leopard geckos
  3 orcs (D:3)
  2 giant cockroaches
  11 goblins
  4 hobgoblins
  4 quokkas
  8 bats
  2 frilled lizards
  7 kobolds
  A leopard gecko zombie (D:5)
  5 rats
81 creatures vanquished.

Notes
Turn   | Place    | Note
-------+----------+-------------------------------------------
     0 | D:1      | Kisielow the Merfolk Transmuter began the quest for the Orb.
     0 | D:1      | Reached XP level 1. HP: 15/15 MP: 3/3
     1 | D:1      | Noticed an electric eel
   217 | D:1      | Reached XP level 2. HP: 16/21 MP: 5/5
  1069 | D:1      | Found a shimmering altar of Xom.
  1071 | D:1      | Found a burning altar of Makhleb.
  1071 | D:1      | Found an iron altar of Okawaru.
  1073 | D:1      | Found a burning altar of Makhleb.
  1073 | D:1      | Found a shimmering altar of Xom.
  1073 | D:1      | Found a shimmering altar of Xom.
  1409 | D:2      | Reached XP level 3. HP: 22/26 MP: 6/6
  1463 | D:2      | Learned a level 3 spell: Spider Form
  1963 | D:3      | Reached XP level 4. HP: 17/32 MP: 7/7
  2143 | D:3      | Reached skill level 5 in Transmutations
  2629 | D:3      | Reached XP level 5. HP: 32/37 MP: 1/8
  2877 | D:3      | Noticed hofbold's ghost (amateur TeAE)
  2887 | D:3      | Killed hofbold's ghost
  2887 | D:3      | Reached skill level 3 in Dodging
  2951 | D:3      | Reached XP level 6. HP: 27/44 MP: 2/9
  2981 | D:3      | Found a snail-covered altar of Cheibriados.
  3478 | D:4      | Noticed Eustachio
  3506 | D:4      | Killed Eustachio
  3506 | D:4      | Reached skill level 4 in Dodging
  3506 | D:4      | Reached skill level 5 in Unarmed Combat
  3833 | D:4      | Reached skill level 5 in Dodging
  3833 | D:4      | Reached XP level 7. HP: 43/51 MP: 5/10
  3842 | D:4      | Noticed Edmund
  3848 | D:4      | Noticed Sigmund
  3868 | D:4      | Killed Edmund
  3881 | D:5      | Entered Level 5 of the Dungeon
  4036 | D:4      | Killed Sigmund
  4036 | D:4      | Reached skill level 6 in Dodging
  4036 | D:4      | Reached XP level 8. HP: 31/60 MP: 6/11
  4066 | D:4      | Reached skill level 7 in Dodging
  4401 | D:4      | Found a shattered altar of Ashenzari.
  4543 | D:4      | Found a bloodstained altar of Trog.
  4628 | D:4      | Found Uturatak's Antique Weapon Shop.
  5371 | D:5      | Found a radiant altar of Vehumet.
  5616 | D:5      | Noticed a rust devil
  5616 | D:5      | Noticed a rust devil
  5625 | D:5      | HP: 1/61 [rust devil (6)]
  5627 | D:6      | Gained mutation: You are resistant to electric shocks. (rElec) [potion of mutation]
  5627 | D:6      | Gained mutation: You are dopey. (Int -2) [potion of mutation]
  5627 | D:6      | Gained mutation: Your system is resistant to poisons. (rPois) [potion of mutation]
  5627 | D:6      | Mangled by an orc warrior

Skill      XL: |  1  2  3  4  5  6  7  8 |
---------------+-------------------------+-----
Unarmed Combat | 4 5 6 |  6.4
Transmutations | 4 5 6 |  6.1
Dodging        | 3 5 6 7 |  7.9
Fighting       | 2 3 4 |  4.4
Spellcasting   | |  2.0

Action                   |  1- 3 |  4- 6 |  7- 9 || total
-------------------------+-------+-------+-------++-------
Melee: Unarmed           |    78 |   139 |   100 ||   317
       Punch             |     1 |     2 |     3 ||     6
 Cast: Spider Form       |       |    11 |    13 ||    24
       Beastly Appendage |       |     1 |       ||     1
 Abil: Evoke Berserk Rag |       |       |     1 ||     1
  Use: Potion            |     3 |     5 |     1 ||     9
       Scroll            |       |     9 |       ||     9
 Stab: Sleeping          |     3 |       |       ||     3
  Eat: Chunk             |     3 |    15 |     1 ||    19
       Ration            |       |       |     1 ||     1
Armor: Robe              |     6 |    29 |     4 ||    39
       Skin              |       |     8 |     2 ||    10
Dodge: Dodged            |    44 |   115 |   113 ||   272
